 Dungeon Crawl Stone Soup version 0.21.1-1-g345015f (webtiles) character file.

15 inc the Ducker (level 2, -1/12 HPs)
             Began as a Felid Ice Elementalist on June 16, 2018.
             Slain by a centaur skeleton (6 damage)
             ... on level 2 of the Dungeon.
             The game lasted 00:01:05 (618 turns).

inc the Ducker (Felid Ice Elementalist)              Turns: 618, Time: 00:01:06

Health: -1/12      AC:  1    Str:  4    XL:     2   Next: 34%
Magic:  5/6        EV: 19    Int: 16    God:
Gold:   73         SH:  0    Dex: 16    Spells: 4/5 levels left
                                        Lives:  0   Deaths: 0

rFire    . . .     SeeInvis +   (weapon unavailable)
rCold    . . .     Gourm    .   (shield unavailable)
rNeg     . . .     Faith    .   (armour unavailable)
rPois    .         Spirit   .   (helmet unavailable)
rElec    .         Reflect  .   (cloak unavailable)
rCorr    .         Harm     .   (gloves unavailable)
MR       .....                  (boots unavailable)
Stlth    +++.......             (no amulet)
HPRegen  0.04/turn              (no ring)
MPRegen  0.10/turn              (no ring)

@: very slightly contaminated, quick
A: very small, no armour, no weapons or thrown items, stealth, claws 1, fangs 3,
see invisible, carnivore, speed 1, shaggy fur 1, slow metabolism 1, sharp paws
a: no special abilities


You were on level 2 of the Dungeon.
You were not hungry.

You visited 1 branch of the dungeon, and saw 2 of its levels.

You collected 73 gold pieces.

Inventory:

Scrolls
 c - a scroll of amnesia {unknown}
 e - 2 scrolls of identify {unknown}
Potions
 d - a potion of degeneration {unknown}
Books
 a - a book of Frost

   Spells                             Type                      Level
   a - Freeze                         Ice                          1
   b - Throw Frost                    Conjuration/Ice              2
   c - Ozocubu's Armour               Charms/Ice                   3
   d - Throw Icicle                   Conjuration/Ice              4
   e - Summon Ice Beast               Ice/Summoning                4
Comestibles
 b - a ration


   Skills:
 + Level 1.3 Fighting
 + Level 3.4 Dodging
 - Level 2.6 Stealth
 - Level 2.0 Spellcasting
   Level 0.8 Conjurations
 - Level 2.6 Ice Magic


You had 4 spell levels left.
You knew the following spells:

 Your Spells              Type           Power        Failure   Level  Hunger
a - Freeze                Ice            ##..         7%          1    #......


Dungeon Overview and Level Annotations

Branches:
Dungeon (2/15)

Altars:
Okawaru

Annotations:
D:2 Jessica


Innate Abilities, Weirdness & Mutations

You cannot wear armour.
You are incapable of wielding weapons or throwing items.
Your paws allow you to move quietly. (Stealth)
You have sharp claws.
You have razor-sharp teeth.
You have supernaturally acute eyesight. (SInv)
You are carnivorous and can eat meat at any time.
You cover ground quickly.
You are covered in fur. (AC +1)
You have a slow metabolism.
Your sharp claws are effective at attacking unaware monsters.


Message History

Frost spreads across the the floor.
Jessica casts a spell.
Jessica seems to speed up.
The hobgoblin completely misses you.
Casting: Freeze
Confirm with . or Enter, or press ? or * to list all spells.
Aiming: Freeze
Press: ? - help, Shift-Dir - straight line, f/p - hobgoblin
Aim: a hobgoblin You freeze the hobgoblin.
You kill the hobgoblin!
Jessica gestures at you while chanting. Pain shoots through your body!
Ouch! That really hurt!
Found a dagger.
The leopard gecko hisses angrily.
Jessica casts a spell.
Jessica blinks!
The centaur skeleton hits you.
Ouch! That really hurt!
You die...

.............#...#...
.............#...#.###.#
(.........#..........).#
.........###...#.#ยง#####
.................#.#
.......#.).).#...#s#
.####.##.._..##..#.# .#
#..#.).).#...#.# ..
..........l.@Z.# ##
###...###...#####
....#...## .......##
..g... .. .


You could see a leopard gecko and a centaur skeleton.

Vanquished Creatures
  3 bats (D:1)
  A giant cockroach (D:1)
  A goblin (D:1)
  3 hobgoblins
  2 jackals (D:1)
  A frilled lizard (D:1)
  A kobold (D:1)
  A rat (D:1)
13 creatures vanquished.

Notes
Turn   | Place    | Note
-------+----------+-------------------------------------------
     0 | D:1      | inc the Felid Ice Elementalist began the quest for the Orb.
     0 | D:1      | Reached XP level 1. HP: 7/7 MP: 4/4
   178 | D:1      | Reached skill level 3 in Dodging
   227 | D:1      | Reached skill level 1 in Fighting
   262 | D:1      | Reached XP level 2. HP: 12/12 MP: 6/6
   595 | D:2      | Found an iron altar of Okawaru.
   602 | D:2      | Noticed Jessica
   618 | D:2      | Slain by a centaur skeleton

Skill      XL: |  1 |
---------------+----+-----
Dodging        | 3 |  3.4
Fighting       | 1 |  1.3
Stealth        | |  2.6
Spellcasting   | |  2.0
Conjurations   | |  0.8
Ice Magic      | |  2.6

Action                   || total
-------------------------++-------
Melee: Unarmed           ||    10
       Bite              ||     2
 Cast: Freeze            ||    14
 Stab: Sleeping          ||     3
Armor: Skin              ||     1
Dodge: Dodged            ||    29
